 Dungeon Crawl Stone Soup version 0.26-a0-778-g3fe0686644 (webtiles) character file.

Game seed: 12717964822343164246

48 robertstho the Vandal (level 4, 0/29 HPs)
             Began as a Halfling Hunter on Nov 10, 2020.
             Succumbed to an adder's poison
             ... on level 2 of the Dungeon.
             The game lasted 00:02:05 (1443 turns).

robertstho the Vandal (Halfling Hunter)             Turns: 1443, Time: 00:02:06

Health: 0/29       AC: 10    Str: 13    XL:     4   Next: 0%
Magic:  4/4        EV:  5    Int:  9    God:
Gold:   88         SH:  0    Dex: 15    Spells: 3/3 levels left

rFire    + . .     SeeInvis .   j - -3 dagger (curse)
rCold    x . .     Faith    .   (shield restricted)
rNeg     . . .     Spirit   .   h - +0 plate armour
rPois    .         Reflect  .   (no helmet)
rElec    .         Harm     .   (no cloak)
rCorr    .         Rampage  .   (no gloves)
MR       .....                  (no boots)
Stlth    ..........             g - amulet of inaccuracy (curse)
HPRegen  0.09/turn              i - ring of fire
MPRegen  0.09/turn              (no ring)

@: lethally poisoned (0 -> -7), flying
A: small, mutation resistance 1
a: no special abilities


You were on level 2 of the Dungeon.
You visited 1 branch of the dungeon, and saw 2 of its levels.

You collected 88 gold pieces.

Inventory:

Hand Weapons
 a - a +1 hunting sling
 b - a +0 short sword
 j - a cursed -3 dagger (weapon)
Missiles
 d - 87 stones (quivered)
 f - 10 sling bullets
Armour
 c - a +0 leather armour
 h - a +0 plate armour (worn)
Jewellery
 g - a cursed amulet of inaccuracy (around neck)
 i - a ring of fire (left hand)
Scrolls
 k - a scroll of noise {unknown}


   Skills:
 * Level 2.2 Fighting
 + Level 0.2 Short Blades
 * Level 7.3 Slings
 + Level 2.1 Dodging
 + Level 1.2 Stealth


You had 3 spell levels left.
You didn't know any spells.
Your spell library was empty.

Dungeon Overview and Level Annotations

Branches:
Dungeon (2/15)

Altars:
Yredelemnul


Innate Abilities, Weirdness & Mutations

You are small and have problems with some larger weapons.
You are somewhat resistant to further mutation.


Message History

The adder bites you but does no damage.
You miss the adder.
The adder is lightly wounded.
* * * LOW HITPOINT WARNING * * *
You feel sick. The adder closely misses you.
You closely miss the adder.
The adder is lightly wounded.
* * * LOW HITPOINT WARNING * * *
You feel sick. The adder bites you but does no damage.
The adder barely misses you.
You hit the adder but do no damage.
The adder is lightly wounded.
* * * LOW HITPOINT WARNING * * *
You feel sick. The adder bites you but does no damage.
You completely miss the adder.
The adder is lightly wounded.
The adder bites you but does no damage.
You completely miss the adder.
The adder is lightly wounded.
You die...

..#.......#.................##...
......_.....#####.###.......##...
..#.......#.......# #.......##...
..#.......#..###..# #.......##...
..##.....##....#..# #.......##...
..####.####.......# #.......##...
#..............#.## #.......####.
#!#.......##...#.# ######### #.
#.........##.. #@# ##
###.......##.. #S#
#....)..##.#.#.# #.......##.!....
#..........#.#.# #####.#.........
##.#....#.#.# #....###.>...
#....# #.


You could see an adder.

Vanquished Creatures
  An ooze (D:2)
  A dart slug (D:1)
  3 leopard geckos
  A ball python (D:1)
  2 giant cockroaches
  5 goblins
  8 hobgoblins
  5 bats
  4 frilled lizards (D:1)
  3 kobolds
  3 rats (D:1)
36 creatures vanquished.

Notes
Turn   | Place    | Note
-------+----------+-------------------------------------------
     0 | D:1      | robertstho the Halfling Hunter began the quest for the Orb.
     0 | D:1      | Reached XP level 1. HP: 14/14 MP: 1/1
    26 | D:1      | Reached skill level 6 in Slings
    49 | D:1      | Reached XP level 2. HP: 19/19 MP: 2/2
   393 | D:1      | Reached XP level 3. HP: 24/24 MP: 3/3
   495 | D:1      | Reached skill level 7 in Slings
   716 | D:2      | Found a basalt altar of Yredelemnul.
  1415 | D:2      | Reached XP level 4. HP: 21/29 MP: 4/4
  1441 | D:2      | HP: 1/29 [poisoned by an adder]
  1443 | D:2      | Succumbed to an adder's poison

Illustrated notes

Levels and vault maps discovered:
D:1:      saegor_arrival_simple_b, layout_loops_cross, minmay_pentomino_p2
D:2:      layout_basic, old_standard_altar, st_stairs_12,
          kennysheep_cluttered_room

Skill      XL: |  1  2  3 |
---------------+----------+-----
Slings         | 6 7 |  7.3
Fighting       | 2 |  2.2
Short Blades   | |  0.2
Dodging        | |  2.1
Stealth        | |  1.2

Action                   |  1- 3 |  4- 6 || total
-------------------------+-------+-------++-------
Melee: Dagger            |   183 |    27 ||   210
 Fire: Hunting sling     |    73 |       ||    73
  Use: Scroll            |     1 |       ||     1
       Potion            |       |     1 ||     1
Armor: Plate armour      |   195 |    18 ||   213
       Leather armour    |     1 |       ||     1
Dodge: Dodged            |    87 |    11 ||    98

Table legend: (Time is in decaauts)
 A = Elapsed time spent in this place.
 B = Non-inter-level travel time spent in this place.
 C = Inter-level travel time spent in this place.
 D = Time resting spent in this place.
 E = Time spent auto-exploring this place.
 F = Levels seen in this place.
 G = Mean time per level.
                   A        B        C        D        E       F      G
               +--------+--------+--------+--------+--------+-----+--------+
         Total |   1431 |   1419 |     12 |      0 |    953 |   2 |  715.5 |
       Dungeon |   1431 |   1419 |     12 |      0 |    953 |   2 |  715.5 |
               +--------+--------+--------+--------+--------+-----+--------+

Top non-repeatable levels by time:
     D:2: 777 daAuts
     D:1: 654 daAuts
